 Dungeon Crawl Stone Soup version 0.31.0-11-ge490571c62 (webtiles) character file.

Game seed: 4657067345884791469

98854 jjjjhere the Skinwalker (level 16, 0/120 (121) HPs)
             Began as a Merfolk Shapeshifter on Jan 23, 2024.
             Was a High Priest of Ru.
             Slain by an Executioner (22 damage)
             ... on level 3 of the Abyss on Feb 2, 2024.
             The game lasted 01:11:19 (33118 turns).

jjjjhere the Skinwalker (Merfolk Shapeshifter)     Turns: 33118, Time: 01:11:20

HP:   0/120 (121)   AC:  7    Str: 16    XL:     16   Next: 23%
MP:   16/16         EV: 45    Int:  9    God:    Ru [*****.]
Gold: 2186          SH:  0    Dex: 20    Spells: 15/15 levels left

rFire   . .          .
                       - Unarmed
rCold   . . .        (shield currently unavailable)
rNeg    . . .        a - melded +0 animal skin
rPois   ∞            (helmet currently unavailable)
rElec   +            v - melded scarf {rC+ rF+}
rCorr   .            r - melded +0 pair of gloves {Dex+3}
SInv    .            (boots currently unavailable)
Will    +....        V - amulet of magic regeneration
Stlth   ++           T - ring of protection from fire
HPRegen 0.40/turn    t - ring of protection from cold
MPRegen 0.55/turn

%: inaccuracy (-5)
@: storm-form, flying, slowed, studying 2 skills, lightly drained, very slow
A: cleaving, insubstantial, flying, reduced AC 1, disrupted magic 1, missing an
eye, temperature sensitive, (nimble swimmer 2), (mertail)
a: Blinkbolt, Begin Untransformation, Renounce Religion, Draw Out Power, Power
Leap, Apocalypse


You were on level 3 of the Abyss.
You worshipped Ru.
Ru was extremely pleased with you.
You were a lightning-filled tempest!
You visited 6 branches of the dungeon, and saw 23 of its levels.
You visited the Abyss 1 time.
You also visited: Ossuary and Bailey.

You collected 4117 gold pieces.
You spent 1931 gold pieces at shops.

Inventory:

Missiles
 k - 7 javelins (quivered)
 F - 17 curare-tipped darts
 H - 25 boomerangs
 I - 11 datura-tipped darts
Armour
 a - a +0 animal skin (melded)
 g - the +0 cloak "Huwost" {Dex+4}
   (You acquired it on level 2 of the Dungeon)

   Dex+4:     It affects your dexterity (+4).
 h - a +1 ring mail of poison resistance
 r - a +0 pair of gloves of dexterity (melded)
 v - a scarf of resistance (melded)
 K - a +2 robe of willpower
 S - +0 swamp dragon scales
Jewellery
 l - a +6 ring of dexterity
 o - a +4 ring of protection
 t - a ring of protection from cold (right fist)
 P - a ring of protection from cold
 Q - the ring of Qenguren {Wiz Str+4 Int+2 SInv}
   (You acquired it on level 4 of the Lair of Beasts)

   [ring of wizardry]

   Wiz:       It improves your spell success rate.
   Str+4:     It affects your strength (+4).
   Int+2:     It affects your intelligence (+2).
   SInv:      It lets you see invisible.
 T - a ring of protection from fire (left fist)
 V - an amulet of magic regeneration (around neck)
 W - a +6 ring of dexterity
Talismans
 c - a beast talisman
 d - a flux talisman
 j - a storm talisman (active)
 L - a serpent talisman
Wands
 y - a wand of acid (3)
 A - a wand of digging (12)
 E - a wand of flame (6)
 J - a wand of mindburst (5)
 O - a wand of polymorph (17)
 Z - a wand of iceblast (4)
Scrolls
 f - 6 scrolls of teleportation
 i - 4 scrolls of enchant weapon
 m - 3 scrolls of revelation
 n - 2 scrolls of silence
 p - 6 scrolls of enchant armour
 q - 8 scrolls of fog
 x - 6 scrolls of amnesia
 z - 5 scrolls of fear
 U - 2 scrolls of blinking
Potions
 b - 2 potions of enlightenment
 e - 10 potions of curing
 s - a potion of cancellation
 u - 2 potions of heal wounds
 w - 4 potions of brilliance
 B - 3 potions of resistance
 C - 2 potions of attraction
 D - 2 potions of might
 G - 4 potions of lignification
 N - a potion of mutation
 R - 2 potions of invisibility
 Y - a potion of experience {unknown}
Miscellaneous
 X - a box of beasts (inert)


   Skills:
 + Level 9.6 Fighting
 + Level 18.1 Dodging
 + Level 14.3 Unarmed Combat
 - Level 1.4 Evocations
 - Level 23.1 Shapeshifting


You had 15 spell levels left.
You didn't know any spells.
Your spell library contained the following spells:

 Spells                   Type           Power      Damage    Failure   Level
 Magic Dart               Conj           0%         1d3       47%         1
 Shock                    Conj/Air       0%         1d3       47%         1
 Sting                    Conj/Alch      0%         1d3       47%         1
 Blink                    Tloc           0%         N/A       61%         2
 Call Imp                 Summ           0%         N/A       61%         2
 Jinxbite                 Hex            0%         N/A       61%         2
 Lesser Beckoning         Tloc           0%         N/A       61%         2
 Mercury Vapours          Alch/Air       0%         N/A       61%         2
 Momentum Strike          Conj/Tloc      0%         3d8       61%         2
 Searing Ray              Conj           0%         2d4       61%         2
 Call Canine Familiar     Summ           0%         N/A       83%         3
 Gell's Gravitas          Tloc           0%         N/A       83%         3
 Sigil of Binding         Hex            0%         N/A       83%         3
 Swiftness                Air            0%         N/A       83%         3
 Teleport Other           Tloc           0%         N/A       83%         3
 Airstrike                Air            0%         2d(0-16)  99%         4
 Dimensional Bullseye     Hex/Tloc       0%         N/A       99%         4
 Fulminant Prism          Conj/Alch      0%         3d5       99%         4
 Olgreb's Toxic Radiance  Alch           0%         N/A       99%         4
 Yara's Violent Unravell  Hex/Alch       0%         3d3       100%        5
 Enfeeble                 Hex            0%         N/A       100%        7
 Ozocubu's Refrigeration  Ice            0%         4d7       100%        7
 Discord                  Hex            0%         N/A       100%        8


Dungeon Overview and Level Annotations

Branches:
Dungeon (10/15)            Temple (1/1) D:4            Lair (5/5) D:10
  Swamp (2/4) Lair:3        Snake (3/4) Lair:3        Slime (0/5) Lair:5
    Orc (2/2) D:9         Ossuary (visited)          Bailey (visited)
    Elf: Orc:2

Altars:
Ashenzari
Cheibriados
Dithmenos
Elyvilon
Fedhas
Gozag
Hepliaklqana
Kikubaaqudgha
Makhleb
Nemelex Xobeh
Okawaru
Qazlal
Ru
Sif Muna
Trog
Uskayaw
Vehumet
Wu Jian
Xom
Yredelemnul
Zin
The Shining One

Shops:
D:4 (*   D:5 (   D:6 :=   Orc:1 ?   Orc:2 ?   Snake:1 ??!*   Snake:2 (*((

Annotations:
D:9 exclusion: door
Lair:3 exclusion: hydra
Lair:5 exclusion: 2 oklob plants
Snake:2 Roxanne
Snake:3 Louise


Innate Abilities, Weirdness & Mutations

You are a lightning-filled tempest!
Your electrical attacks strike out in all directions at once.
You are incredibly evasive.
Your insubstantial body is immune to petrification, constriction, and being set on fire You are flying.
Your armour is entirely melded.
You are incapable of wielding weapons or throwing items.
You are immune to poison.
You take slightly more damage. (AC -5)
Your casting is slightly disrupted.
You are missing an eye, making it more difficult to aim.
You are sensitive to extremes of temperature. (rF-, rC-)
((You are very nimble when in or above water. (Stealth+, EV+, Speed+++)))
((Your lower body shifts to a powerful aquatic tail in water.))


Message History

The Executioner is stunned by your conviction and fails to attack.
The raiju attacks as it pursues you! The raiju completely misses you.
A starcursed mass splits.
A chorus of shrieks assaults your mind.
The Executioner gestures.
The Executioner seems to speed up.
The Executioner completely misses you. x2
The Executioner hits you but does no damage.
The Executioner barely misses you. The Executioner misses you.
The Executioner hits you but does no damage.
A chorus of shrieks assaults your mind.
You focus your inner power and illuminate the starcursed mass in retribution!
The Executioner completely misses you. The Executioner misses you.
The Executioner barely misses you.
The Executioner is stunned by your conviction and fails to attack.
A merfolk javelineer comes into view. It is wielding a +4 heavy spear.
You buffet the Executioner!
You punch the Executioner!
The Executioner is severely wounded.
The Executioner barely misses you. The Executioner closely misses you. x2
The Executioner hits you!!
* * * LOW HITPOINT WARNING * * *
The Executioner hits you but does no damage.
The Executioner completely misses you.
A starcursed mass splits.
A chorus of shrieks assaults your mind.
* * * LOW HITPOINT WARNING * * *
The raiju bursts into living lightning!
The living lightning misses the Executioner.
The living lightning misses you.
The raiju blinks! x2
The Executioner misses you. The Executioner completely misses you.
The Executioner misses you.
You feel much better.
The Executioner is stunned by your conviction and fails to attack.
The Executioner closely misses you.
The Executioner completely misses you. x3
The Executioner hits you!
* * * LOW HITPOINT WARNING * * *
You focus your inner power and blind the Executioner in retribution!
The Executioner misses you.
A starcursed mass splits. x2
A chorus of shrieks assaults your mind.
* * * LOW HITPOINT WARNING * * *
The Executioner hits you!!
You die... #### #####... ###..#.. # #.#.m.### # #.### .#XXXX tX

.
#...##h†###
.# .#
#.v1x.# #
#####.###
## .##
#...⌠# .. #
#...## .#.#
###h.# ..#
. #.##..†.#
# #.# # .#
.#..# . . .
......# # .
#.#. †.⌠#φ


You could see 4 starcursed masses, a merfolk javelineer, an Executioner (fast,
blind, unable to see you), a raiju and a small abomination.

Vanquished Creatures
  Jorgrun (Swamp:1)
  A tentacled starspawn (Abyss:3)
  Aizul (Snake:3)
  A nagaraja (Snake:1)
  A very ugly thing (Abyss:3)
  2 eleionomae
  5 hydras
  8 anacondas
  A centaur warrior (D:8)
  A spriggan skeleton (Abyss:3)
  A two-headed ogre (D:9)
  7 naga warriors
  3 shock serpents
  3 death yaks (Lair:4)
  2 orc high priests
  A thrashing horror (Abyss:3)
  3 spriggans (Swamp:1)
  3 naga sharpshooters
  3 skysharks
  3 wretched stars (Abyss:3)
  4 salamander mystics
  11 mana vipers
  A death drake (Abyss:3)
  Amaemon (D:7)
  A flayed ghost (Abyss:3)
  A swamp dragon (Lair:5)
  10 naga ritualists
  2 bog bodies (Swamp:1)
  3 orc knights
  Pikel (D:4)
  3 orc sorcerers
  11 salamanders
  2 will-o-the-wisps
  11 naga magi
  9 elephants
  A torpor snail (Lair:5)
  An apocalypse crab (Abyss:3)
  An orange demon (D:8)
  5 guardian serpents
  9 cane toads
  24 black mambas
  5 rime drakes
  A large abomination (Abyss:3)
  6 komodo dragons
  3 trolls
  3 hornets (Swamp:1)
  3 polar bears
  2 ancient zymes (Abyss:3)
  11 blink frogs
  3 raiju
  4 tyrant leeches
  7 dream sheep (Lair:2)
  7 wyverns
  18 yaks
  2 steam dragons
  3 wargs
  4 basilisks
  19 nagas
  3 swamp worms
  2 acid dragons (Lair:5)
  6 water moccasins
  3 hell hounds (Lair:5)
  2 sky beasts
  18 orc warriors
  2 ice beasts (D:7)
  3 swamp drakes
  9 black bears
  9 wolves
  5 ogres
  4 centaurs
  Blork the orc (D:4)
  10 kobold brigands
  A phantom (D:5)
  15 bullfrogs
  A gnoll sergeant (D:10)
  An earth elemental (Abyss:3)
  3 scorpions
  4 water moccasin zombies (Ossuary)
  A burial acolyte (Ossuary)
  3 wights (D:7)
  10 killer bees
  A bombardier beetle (D:7)
  4 jellies
  A spectral scorpion (Ossuary)
  5 hounds
  5 orc priests
  2 iguanas
  A sleepcap (D:7)
  6 hell rats
  11 orc wizards
  A crocodile zombie (Ossuary)
  A bullfrog simulacrum (Ossuary)
  2 mummies (Ossuary)
  13 gnolls
  5 adders
  2 shadow imps
  A white imp (D:7)
  2 ufetubi (Abyss:3)
  3 adder zombies (Ossuary)
  A dart slug (D:1)
  A ribbon worm (D:3)
  49 orcs
  4 ball pythons
  2 bats
  10 endoplasms
  2 giant cockroaches (D:1)
  9 gnoll zombies (Ossuary)
  3 hobgoblins
  3 jackals (D:4)
  5 quokkas
  4 frilled lizards
  5 goblins
  A goblin zombie (D:4)
  3 jackal zombies (Ossuary)
  21 kobolds
  3 orc zombies (Ossuary)
  5 rats
  A rat zombie (D:4)
  A starspawn tentacle (Abyss:3)
579 creatures vanquished.

Vanquished Creatures (others)
  A salamander (Snake:1)
  An elephant (Lair:4)
  3 bloated husks
  A swamp worm (Swamp:1)
  A wolf (Lair:5)
  3 orcs
  18 foxfires
  A lurking horror (Abyss:3)
  5 starspawn tentacles (Abyss:3)
34 creatures vanquished.

Grand Total: 613 creatures vanquished

Notes
Turn   | Place    | Note
-------+----------+-------------------------------------------
     0 | D:1      | jjjjhere the Merfolk Shapeshifter began the quest for the
                  | Orb.
     0 | D:1      | Reached XP level 1. HP: 15/15 MP: 1/1
    34 | D:1      | HP: 4/15 [frozen (3)]
    41 | D:1      | HP: 4/15 [hobgoblin (1)]
    57 | D:1      | Reached XP level 2. HP: 11/21 MP: 2/2
   831 | D:2      | Reached XP level 3. HP: 15/26 MP: 3/3
  1067 | D:2      | HP: 8/26 [giant cockroach (2)]
  1077 | D:2      | HP: 4/26 [gnoll/+0 spear (6)]
  1092 | D:2      | HP: 5/26 [giant cockroach (1)]
  2067 | D:3      | Reached XP level 4. HP: 32/32 MP: 4/4
  2676 | D:3      | HP: 9/32 [something (3)]
  2682 | D:3      | Reached skill level 5 in Dodging
  2682 | D:3      | Reached XP level 5. HP: 12/37 MP: 5/5
  2684 | D:3      | HP: 10/37 [orc/+0 whip (3)]
  2689 | D:3      | HP: 7/37 [frozen (4)]
  2690 | D:3      | HP: 3/37 [orc/+0 whip (1)]
  2802 | D:3      | Reached skill level 5 in Unarmed Combat
  2823 | D:2      | Identified 2 scrolls of acquirement
  2823 | D:2      | Acquired the +0 cloak "Huwost" {Dex+4}
  2835 | D:2      | Acquired a +0 pair of gloves of dexterity
  2944 | D:2      | HP: 12/37 [gnoll/+0 spear (3)]
  3359 | D:3      | Found a faded altar of an unknown god.
  3422 | D:4      | Found Qobbekk's Weapon Emporium.
  3425 | D:4      | Noticed a lemure
  3482 | D:4      | Found Acooczon's Fire Supplies.
  3647 | D:4      | Found a staircase to the Ecumenical Temple.
  3666 | Temple   | Entered the Ecumenical Temple
  3751 | D:4      | Noticed a lemure
  3754 | D:4      | Noticed Pikel
  3770 | D:4      | HP: 9/37 [Pikel/+0 whip of flaming (9)]
  3770 | D:4      | HP: 4/37 [Pikel/+0 whip of flaming (5)]
  3773 | D:4      | Killed Pikel
  3774 | D:4      | Reached skill level 6 in Shapeshifting
  3774 | D:4      | Reached XP level 6. HP: 8/43 MP: 6/6
  3774 | D:4      | Reached XP level 7. HP: 10/48 MP: 7/7
  4037 | D:4      | Found a sand-covered staircase.
  4044 | Ossuary  | Entered an ossuary
  4072 | Ossuary  | Reached skill level 7 in Shapeshifting
  4141 | Ossuary  | Reached XP level 8. HP: 54/54 MP: 8/8
  4758 | D:4      | Noticed Blork the orc
  4772 | D:4      | Killed Blork the orc
  4989 | D:5      | Entered Level 5 of the Dungeon
  5507 | D:5      | Reached XP level 9. HP: 59/59 MP: 9/9
  5940 | D:6      | Found Hepp's One-of-a-Kind Rings.
  6150 | D:6      | Found a white marble altar of Elyvilon.
  6185 | D:6      | Reached skill level 10 in Unarmed Combat
  6315 | D:6      | Noticed a walking divine tome
  6317 | D:6      | Found Catenegh's Book Emporium.
  6320 | D:6      | Noticed a walking earthen tome
  6470 | D:6      | Found a radiant altar of Vehumet.
  6767 | D:7      | Reached skill level 10 in Dodging
  7087 | D:7      | Noticed a troll
  7096 | D:7      | Killed a troll
  7193 | D:7      | Reached XP level 10. HP: 50/65 MP: 10/10
  7723 | D:8      | Noticed an orange demon
  7723 | D:8      | Noticed Amaemon
  8337 | D:7      | Killed Amaemon
  8354 | D:8      | Killed an orange demon
  8355 | D:8      | Reached skill level 1 in Evocations
  8572 | D:8      | Found a shimmering altar of Xom.
  8574 | D:8      | Found a sacrificial altar of Ru.
  8587 | D:8      | Became a worshipper of Ru the Awakened
  8732 | D:8      | Noticed a centaur warrior
  8746 | D:8      | Killed a centaur warrior
  8994 | D:9      | Noticed an eight-headed hydra
  9251 | D:9      | Found a staircase to the Orcish Mines.
  9739 | D:9      | Gained mutation: You are sensitive to extremes of
                  | temperature. (rF-, rC-) [Ru sacrifice]
  9739 | D:9      | Reached * piety under Ru
  9739 | D:9      | Reached ** piety under Ru
  9782 | D:9      | Noticed a two-headed ogre
  9796 | D:9      | Killed a two-headed ogre
  9797 | D:9      | Reached XP level 11. HP: 42/75 MP: 11/11
 10269 | D:10     | Entered Level 10 of the Dungeon
 10299 | D:10     | Found a snail-covered altar of Cheibriados.
 10301 | D:10     | Found an ornate altar of the Wu Jian Council.
 10303 | D:10     | Found a shadowy altar of Dithmenos.
 10314 | D:10     | Found a staircase to the Lair.
 10364 | D:10     | Found a glowing silver altar of Zin.
 10393 | D:10     | Found a bloodstained altar of Trog.
 10443 | D:10     | Found a flagged portal.
 10470 | D:10     | Reached skill level 8 in Shapeshifting
 10530 | Bailey   | Entered a bailey
 10744 | Bailey   | Noticed an orc knight
 10762 | Bailey   | Killed an orc knight
 11060 | Bailey   | Reached skill level 5 in Fighting
 11111 | Bailey   | Found a bloodstained altar of Trog.
 11280 | D:10     | Reached skill level 9 in Shapeshifting
 11649 | D:10     | Found an opulent altar of Gozag.
 11650 | D:10     | Found a sparkling altar of Nemelex Xobeh.
 11989 | Lair:1   | Entered Level 1 of the Lair of Beasts
 12215 | Lair:1   | HP: 23/71 [poisoned by a water moccasin]
 12723 | Lair:1   | Reached skill level 10 in Shapeshifting
 12774 | Lair:1   | Gained mutation: You take slightly more damage. (AC -5) [Ru
                  | sacrifice]
 12774 | Lair:1   | Reached *** piety under Ru
 12814 | Lair:1   | Reached skill level 15 in Dodging
 14184 | Lair:2   | Reached skill level 11 in Shapeshifting
 14184 | Lair:2   | Reached XP level 12. HP: 86/86 MP: 12/12
 14255 | Lair:2   | Noticed a skyshark
 14268 | Lair:2   | Killed a skyshark
 15261 | Lair:3   | Noticed a five-headed hydra
 15284 | Lair:3   | Reached skill level 12 in Shapeshifting
 15739 | Lair:3   | Reached skill level 13 in Shapeshifting
 15905 | Lair:3   | Found a staircase to the Snake Pit.
 16112 | Lair:3   | Found a staircase to the Swamp.
 16113 | Lair:3   | Noticed an eleionoma
 16254 | Lair:3   | Killed an eleionoma
 16574 | Lair:3   | Gained mutation: Your casting is slightly disrupted. [Ru
                  | sacrifice]
 16574 | Lair:3   | Reached **** piety under Ru
 16599 | Lair:3   | Noticed a skyshark
 16618 | Lair:3   | Killed a skyshark
 16619 | Lair:3   | Reached skill level 14 in Shapeshifting
 16890 | Lair:3   | Noticed an eight-headed hydra
 16897 | Lair:3   | Killed an eight-headed hydra
 17279 | Lair:4   | Acquired the ring of Qenguren {Wiz Str+4 Int+2 SInv}
 17439 | Lair:4   | Reached skill level 15 in Shapeshifting
 17631 | Lair:4   | Noticed a seven-headed hydra
 17679 | Lair:4   | HP: 29/103 [seven-headed hydra (11)]
 17682 | Lair:4   | Killed a seven-headed hydra
 17905 | Lair:4   | Reached XP level 13. HP: 91/91 MP: 13/13
 18030 | Lair:4   | Reached skill level 16 in Shapeshifting
 18599 | Lair:4   | Upgraded the game from 0.31.0-4-g52a2dc7128 to
                  | 0.31.0-9-g3a7656b989
 18622 | Lair:5   | Entered Level 5 of the Lair of Beasts
 18721 | Lair:4   | Reached skill level 17 in Shapeshifting
 19528 | Lair:5   | Reached skill level 18 in Shapeshifting
 20572 | Lair:5   | Gained mutation: You are missing an eye, making it more
                  | difficult to aim. [Ru sacrifice]
 20572 | Lair:5   | Reached ***** piety under Ru
 20958 | Lair:5   | Reached skill level 19 in Shapeshifting
 20988 | Lair:5   | HP: 33/109 [seven-headed hydra (11)]
 21602 | Lair:5   | Found a staircase to the Slime Pits.
 21999 | Lair:5   | Noticed a fire dragon
 22163 | Orc:1    | Entered Level 1 of the Orcish Mines
 22385 | D:4      | Bought a ring of protection from fire for 275 gold pieces
 22799 | Orc:1    | Found Yclueseac's Magic Scroll Shop.
 22817 | Orc:1    | Bought a scroll of blinking for 105 gold pieces
 22817 | Orc:1    | Bought a scroll of identify for 28 gold pieces
 22820 | Orc:1    | Bought a scroll of blinking for 105 gold pieces
 22820 | Orc:1    | Bought a scroll of noise for 14 gold pieces
 22887 | Orc:2    | Entered Level 2 of the Orcish Mines
 22902 | Orc:2    | Noticed an orc warlord
 23133 | Orc:1    | Reached XP level 14. HP: 91/98 MP: 14/14
 23211 | Orc:1    | Paralysed by an orc sorcerer for 3 turns
 23484 | Orc:2    | Reached skill level 20 in Shapeshifting
 24577 | Swamp:1  | Entered Level 1 of the Swamp
 25445 | Swamp:1  | Noticed Jorgrun
 25908 | Swamp:1  | HP: 29/117 [Jorgrun/+0 heavy quarterstaff (12)]
 25909 | Swamp:1  | HP: 12/117 [will-o-the-wisp/foxfire (9)]
 25914 | Swamp:1  | HP: 20/102 [Jorgrun/+0 heavy quarterstaff (17)]
 25915 | Swamp:1  | Killed Jorgrun
 25932 | Swamp:1  | Reached skill level 21 in Shapeshifting
 26694 | Swamp:1  | Noticed an eleionoma
 26718 | Swamp:1  | Killed an eleionoma
 27105 | Swamp:1  | Identified the +0 leather armour of the Trombone {Will-
                  | Int+7 Dex-3 SInv}
 27575 | Swamp:2  | HP: 15/82 [will-o-the-wisp/foxfire (17)]
 27837 | Snake:1  | Entered Level 1 of the Snake Pit
 27837 | Snake:1  | Found Sefatz's Distillery.
 28279 | Snake:1  | Found Nubbet's Magic Scroll Boutique.
 28284 | Snake:1  | Bought a scroll of acquirement for 780 gold pieces
 28285 | Snake:1  | Acquired 1201 gold pieces
 28288 | Snake:1  | Bought a scroll of fear for 60 gold pieces
 28288 | Snake:1  | Bought a scroll of identify for 30 gold pieces
 28288 | Snake:1  | Bought a scroll of fog for 60 gold pieces
 28288 | Snake:1  | Bought a scroll of teleportation for 45 gold pieces
 28288 | Snake:1  | Bought a scroll of fear for 60 gold pieces
 28288 | Snake:1  | Bought a scroll of teleportation for 45 gold pieces
 28385 | Snake:1  | Reached skill level 22 in Shapeshifting
 28766 | Snake:1  | Found Huonoxia's Antique Weapon Boutique.
 29129 | Lair:3   | Upgraded the game from 0.31.0-9-g3a7656b989 to
                  | 0.31.0-11-ge490571c62
 29704 | Snake:1  | Found Guystram's Assorted Antiques.
 29858 | Snake:1  | Found Xiunil's Magic Scroll Emporium.
 29867 | Snake:1  | Bought a scroll of identify for 36 gold pieces
 29867 | Snake:1  | Bought a scroll of identify for 36 gold pieces
 29867 | Snake:1  | Bought a scroll of identify for 36 gold pieces
 29870 | Snake:1  | Bought a scroll of identify for 36 gold pieces
 29871 | Snake:1  | Bought a scroll of teleportation for 54 gold pieces
 29871 | Snake:1  | Bought a scroll of teleportation for 54 gold pieces
 29871 | Snake:1  | Bought a scroll of fog for 72 gold pieces
 29981 | Snake:2  | Noticed Roxanne
 30007 | Snake:2  | Noticed a nagaraja
 30032 | Snake:1  | Killed a nagaraja
 30400 | Snake:1  | Reached skill level 23 in Shapeshifting
 30400 | Snake:1  | Reached XP level 15. HP: 103/103 MP: 15/15
 30816 | Snake:2  | Identified the +3 mace "Vuhi" {holy, *Rage +Blink rPois
                  | Str+2}
 31239 | Snake:2  | You are sucked into a shaft and drop 1 floor!
 31241 | Snake:3  | Noticed Louise
 31374 | Snake:2  | Found Bixkuel's Weapon Emporium.
 31590 | Snake:2  | Found Geez's Weapon Shoppe.
 31590 | Snake:2  | Found Omia's Assorted Antiques.
 31593 | Snake:2  | Found Quupoic's Antique Weapon Shoppe.
 32609 | Snake:3  | Identified the serpent talisman of Huumor {rElec rC- Will+}
 32609 | Snake:3  | Noticed Aizul
 32634 | Snake:3  | Killed Aizul
 32884 | Snake:3  | Reached XP level 16. HP: 69/112 MP: 7/16
 32887 | Abyss:3  | Cast into level 3 of the Abyss (Louise)
 33014 | Abyss:3  | Noticed an Executioner
 33078 | Abyss:3  | Noticed a tentacled starspawn
 33107 | Abyss:3  | Killed a tentacled starspawn
 33116 | Abyss:3  | HP: 39/120 [starcursed mass/accursed screaming (8)]
 33117 | Abyss:3  | HP: 15/120 [Executioner (25)]
 33118 | Abyss:3  | Slain by an Executioner

Illustrated notes

Levels and vault maps discovered:
D:1:      ldierk_walled_garden, layout_basic, minmay_vboxes
D:2:      layout_loops_corners
D:3:      layout_rooms, chequers_ecumenical_altar_grove, dk_noncrumbling_2,
          fountainhead, grunt_ministairs_7, kennysheep_path_1
D:4:      layout_basic, minmay_temple_entry_purple_smoke, enter_ossuary_4,
          nicolae_stop_n_shop_1, nicolae_shop_fire_sale
          [nicolae_sub_dead_trees], uniq_pikel, uniq_blork_the_orc
D:5:      layout_loops_ring
D:6:      layout_rooms, elyvilon_altar_1, nicolae_vehumet_radiance,
          serial_shops, nicolae_shop_mannequins, nicolae_shop_unique_rings,
          st_stairs_6
D:7:      layout_rooms
D:8:      layout_cave_pools, chequers_temple_overflow_statue_of_worship,
          small_chamber_with_monster, minivault_23, uniq_amaemon
D:9:      layout_stronghold, orc_0_dummy, kennysheep_just_a_vault
D:10:     layout_roguey, grunt_temple_overflow_opulence,
          mainiacjoe_overflow_catwalk_spiral, grunt_temple_overflow_open,
          erik_lair_orcish_takeover, enter_bailey_6
Temple:   nicolae_temple_ecumenical_triangle
Lair:1:   hellmonk_ruined_rings, layout_regular_city
Lair:2:   layout_roguey
Lair:3:   layout_loops_ring, alex1729_swamp_entry_worm_eleionoma,
          nicolae_snake_entry_squirm
Lair:4:   layout_roguey, gauntlet_entry_generic, lemuel_fruit_tree
Lair:5:   guppyfry_lair_end_dragon, layout_layer_cave,
          hangedman_lair_caniforms_friends, slime_entry_2, grunt_megastairs_3
Swamp:1:  layout_basic_swamp, evilmike_swamp_ruin_house_4, uniq_jorgrun
Swamp:2:  regret_index_all_hallows'_manor, layout_basic_swamp,
          evilmike_swamp_ruin_house_6, swamp_pool_3,
          nicolae_swamp_well_well_well, cheibrodos_swamp_witchery,
          nicolae_swamp_decorative_isthmus
Snake:1:  layout_misc_corridors, serial_shops, nicolae_take_the_stairs, shop,
          shop, nicolae_shop_trees, nicolae_shop_trees
Snake:2:  layout_cave_pods, nicolae_snake_linked_coils,
          nicolae_snake_naga_rites, grunt_megastairs_4, minmay_shoptagon,
          uniq_roxanne
Snake:3:  layout_grid_shapes, grunt_megastairs_2, minmay_shop_grove,
          uniq_louise, uniq_aizul, uniq_mlioglotl
Orc:1:    layout_caves, basic_altar, serial_shops, shop_statue
Orc:2:    st_orc_congregation, layout_caves, nicolae_orc_sculptors_studio,
          uniq_erolcha
Abyss:3:  base: D:9, due_exit_kobolds, hangedman_classic_abyss_death,
          evilmike_abyss_exit_mutagenic, serial_sigils_hangedman_shear,
          nicolae_abyss_rune_left_handed

Skill      XL: |  1  2  3  4  5  6  7  8  9 10 11 12 13 14 15 16 |
---------------+-------------------------------------------------+-----
Dodging        | 3 4 5 8 11 13 15 17 18 | 18.1
Unarmed Combat | 4 6 7 9 11 12 13 14 | 14.3
Shapeshifting  | 6 7 11 15 19 23 | 23.1
Evocations     | 1 |  1.4
Fighting       | 3 5 9 |  9.6

Action                     |  1- 3 |  4- 6 |  7- 9 | 10-12 | 13-15 | 16-18 || total
---------------------------+-------+-------+-------+-------+-------+-------++-------
  Melee: Unarmed           |    82 |   102 |   323 |   697 |   943 |    65 ||  2212
         Punch             |     4 |     1 |       |       |    15 |     9 ||    29
         Tailslap          |       |     2 |       |     1 |       |       ||     3
         Constrict         |       |       |       |    45 |   105 |       ||   150
 Invoke: Sacrifice Resista |       |       |       |     1 |       |       ||     1
         Draw Out Power    |       |       |       |     1 |     1 |     1 ||     3
         Sacrifice Health  |       |       |       |     1 |       |       ||     1
         Sacrifice Essence |       |       |       |     1 |       |       ||     1
         Power Leap        |       |       |       |       |     4 |       ||     4
         Sacrifice an Eye  |       |       |       |       |     1 |       ||     1
         Apocalypse        |       |       |       |       |     2 |       ||     2
         Reject Sacrifices |       |       |       |       |     1 |     1 ||     2
Ability: Begin Untransform |       |     1 |       |       |       |       ||     1
         Blinkbolt         |       |       |       |       |    22 |       ||    22
  Evoke: Wand              |       |       |       |    15 |     5 |       ||    20
         Box of beasts     |       |       |       |       |     1 |       ||     1
    Use: Potion            |       |     4 |       |       |     3 |     3 ||    10
         Scroll            |       |     2 |     3 |     9 |    14 |       ||    28
   Stab: Sleeping          |     1 |     1 |       |       |       |       ||     2
         Distracted        |     1 |       |       |     1 |     2 |       ||     4
         Invisible         |       |       |       |     2 |     9 |       ||    11
         Paralysed         |       |       |       |     1 |     1 |       ||     2
         Confused          |       |       |       |       |     1 |       ||     1
 Armour: Animal skin       |    59 |    47 |       |       |       |       ||   106
         Skin              |       |     1 |    73 |   222 |   391 |    22 ||   709
  Dodge: Dodged            |    65 |    72 |   199 |   769 |   882 |   116 ||  2103
   Form: Flux              |       |       |     1 |       |       |       ||     1
         Serpent           |       |       |       |     1 |       |       ||     1
         Storm             |       |       |       |       |     1 |       ||     1
